 Dungeon Crawl Stone Soup version 0.17-b1-25-g6d8775f (webtiles) character file.

144 radek the Conjurer (level 4, -8/33 HPs)
             Began as a Demigod Conjurer on Nov 5, 2015.
             Killed from afar by an orc wizard (10 damage)
             ... with a magic dart
             ... on level 3 of the Dungeon.
             The game lasted 00:13:51 (3974 turns).

radek the Conjurer (Demigod Conjurer)               Turns: 3974, Time: 00:13:51

Health: -8/33      AC:  3    Str: 18    XL:     4   Next: 76%
Magic:  0/9        EV: 12    Int: 19    God:
Gold:   163        SH:  0    Dex: 16    Spells: 1 memorised, 5 levels left

rFire  . . .     SeeInvis .     t - +2 short sword (flame)
rCold  . . .     Clarity  .     a - +0 robe
rNeg   . . .     SustAt   +     (no shield)
rPois  .         Gourm    .     (no helmet)
rElec  .         Spirit   .     (no cloak)
rCorr  .         Warding  .     (no gloves)
rMut   .         Stasis   .     m - +0 pair of boots
MR     .....                    (no amulet)
Stlth  ++........               (no ring)
                                (no ring)

@: mighty, very slightly contaminated, not resistant to hostile enchantments,
unstealthy
A: high mp 1, sustain attributes
a: no special abilities


You were on level 3 of the Dungeon.
You were very hungry.

You visited 1 branch of the dungeon, and saw 3 of its levels.

You collected 163 gold pieces.

Inventory:

Hand Weapons
 e - a +0 dagger
 t - a +2 short sword of flaming (weapon)
Armour
 a - a +0 robe (worn)
 m - a +0 pair of boots (worn)
Jewellery
 o - a +1 ring of protection {unknown}
Wands
 s - a wand of confusion (11)
Scrolls
 d - a scroll of amnesia {unknown}
 f - a scroll of fog {unknown}
 h - 4 scrolls of identify {unknown}
 i - a scroll of random uselessness {unknown}
 q - a scroll of teleportation {unknown}
 r - a scroll of enchant weapon {unknown}
Potions
 g - a potion of haste {unknown}
 k - a potion of magic {unknown}
 l - a potion of curing {unknown}
 n - a potion of heal wounds {unknown}
 u - a potion of brilliance {unknown}
Books
 b - a book of Conjurations

   Spells                             Type                      Level
   a - Magic Dart                     Conjuration                  1
   b - Searing Ray                    Conjuration                  2
   c - Dazzling Spray                 Conjuration/Hexes            3
   d - Fulminant Prism                Conjuration/Hexes            4
   e - Iskenderun's Mystic Blast      Conjuration                  4
   f - Iskenderun's Battlesphere      Conjuration/Charms           5
 j - a book of Changes

   Spells                             Type                      Level
   a - Beastly Appendage              Transmutation                1
   b - Sticks to Snakes               Transmutation                2
   c - Spider Form                    Transmutation/Poison         3
   d - Ice Form                       Ice/Transmutation            4
   e - Blade Hands                    Transmutation                5
 p - a book of Envenomations

   Spells                             Type                      Level
   a - Spider Form                    Transmutation/Poison         3
   b - Alistair's Intoxication        Transmutation/Poison         4
   c - Olgreb's Toxic Radiance        Poison                       4
   d - Poisonous Cloud                Conjuration/Poison/Air       6


   Skills:
 - Level 1.7 Dodging
 - Level 1.7 Stealth
 - Level 1.7 Spellcasting
 + Level 5.8 Conjurations


You had 5 spell levels left.
You knew the following spells:

 Your Spells              Type           Power        Failure   Level  Hunger
a - Magic Dart            Conj           ###.         1%          1    #......


Dungeon Overview and Level Annotations

Branches:
Dungeon (3/15)


Innate Abilities, Weirdness & Mutations

You have an increased reservoir of magic (+10% MP).
Your attributes are resistant to harm.


Message History

The orc wizard completely misses you.
Casting: Magic Dart
Confirm with . or Enter, or press ? or * to list all spells.
Aiming: Magic Dart
Press: ? - help, Shift-Dir - straight line, f/p - orc wizard
Aim: an orc wizard, wielding a dagger and wearing a robe (heavily wounded)
The magic dart hits the orc wizard.
The orc wizard is heavily wounded.
You are feeling very hungry.
The orc priest hits you from afar with a trident.
* * * LOW HITPOINT WARNING * * *
The orc wizard hits you but does no damage.
Drink which item? (? for menu, Esc to quit)
It was a potion of might.
You feel very mighty all of a sudden. The orc priest barely misses you.
The orc wizard hits you with a dagger.
* * * LOW HITPOINT WARNING * * *
The orc wizard gestures at you while chanting.
The magic dart hits you!
You die... .# #####.### .# #.# #.## #.# ##... #.# .... #.# #oo

##########.# #o#
#.......รท..#
#)####.##########
#.@....# ########


You could see an orc wizard and an orc.

Vanquished Creatures
  A crimson imp (D:1)
  5 adders (D:2)
  A worm (D:3)
  An orc (D:3)
  10 bats
  5 giant cockroaches
  6 goblins
  5 hobgoblins
  3 jackals (D:1)
  A quokka (D:2)
  A ball python (D:1)
  2 giant geckos (D:1)
  4 giant newts
  9 kobolds
  10 rats
64 creatures vanquished.

Notes
Turn   | Place    | Note
--------------------------------------------------------------
     0 | D:1      | radek the Demigod Conjurer began the quest for the Orb.
     0 | D:1      | Reached XP level 1. HP: 14/14 MP: 5/5
   126 | D:1      | Reached skill level 4 in Conjurations
   288 | D:1      | Reached XP level 2. HP: 20/20 MP: 0/7
   458 | D:1      | HP: 1/20 [giant cockroach (1)]
  2110 | D:1      | Reached skill level 5 in Conjurations
  2110 | D:1      | Reached XP level 3. HP: 14/26 MP: 3/8
  2781 | D:2      | Reached XP level 4. HP: 33/33 MP: 6/9
  2811 | D:2      | Found a glowing silver altar of Zin.
  2814 | D:2      | Found a white marble altar of Elyvilon.
  3973 | D:3      | HP: 1/33 [orc wizard/dagger (3)]
  3974 | D:3      | Killed from afar by an orc wizard

Action                   |  1- 3 |  4- 6 || total
-------------------------+-------+-------++-------
Melee: Dagger            |    55 |       ||    55
       Short sword       |       |     5 ||     5
 Cast: Magic Dart        |   116 |    66 ||   182
Evoke: Wand              |       |     1 ||     1
  Use: Potion            |       |     1 ||     1
  Eat: Bread ration      |     1 |       ||     1
       Chunk             |     3 |     4 ||     7
